 Dungeon Crawl Stone Soup version 0.26.0-10-g1f06aea511 (webtiles) character file.

Game seed: 13153855783007596209

131 septik the Chopper (level 4, -6/41 HPs)
             Began as a Minotaur Berserker on Jan 24, 2021.
             Was a Believer of Trog.
             Mangled by a gnoll
             ... wielding a +0 spear
              (8 damage)
             ... on level 3 of the Dungeon.
             The game lasted 00:04:05 (2761 turns).

septik the Chopper (Minotaur Berserker)             Turns: 2761, Time: 00:04:22

Health: -6/41      AC:  2    Str: 23    XL:     4   Next: 91%
Magic:  3/3        EV: 13    Int:  4    God:    Trog [**....]
Gold:   138        SH:  0    Dex:  9    Spells: 3/3 levels left

rFire    . . .     SeeInvis .   a - +0 hand axe
rCold    . . .     Faith    .   (no shield)
rNeg     . . .     Spirit   .   b - +0 animal skin
rPois    .         Reflect  .   (helmet restricted)
rElec    .         Harm     .   (no cloak)
rCorr    .         Rampage  .   (no gloves)
Will     .....                  (no boots)
Stlth    ++........             w - amulet of magic regeneration
HPRegen  0.13/turn              (no ring)
MPRegen  0.33/turn              r - ring of stealth

@: no status effects
A: retaliatory headbutt, horns 2
a: Renounce Religion, Berserk, Trog's Hand


You were on level 3 of the Dungeon.
You worshipped Trog.
Trog was pleased with you.
You visited 1 branch of the dungeon, and saw 3 of its levels.

You collected 138 gold pieces.

Inventory:

Hand Weapons
 a - a +0 hand axe (weapon)
Missiles
 l - 61 stones
 s - 39 poisoned darts
Armour
 b - a +0 animal skin (worn)
 n - a +0 buckler
 v - a +0 plate armour
Jewellery
 k - an uncursed ring of wizardry
 r - a ring of stealth (right hand)
 w - an amulet of magic regeneration (around neck)
Scrolls
 d - 2 scrolls of remove curse
 g - 2 scrolls of teleportation {unknown}
 h - a scroll of immolation {unknown}
 i - a scroll of enchant armour {unknown}
 j - a scroll of magic mapping {unknown}
 m - 3 scrolls of identify {unknown}
 p - 2 scrolls of fog {unknown}
Potions
 c - a potion of magic {unknown}
 e - 2 potions of curing {unknown}
 f - a potion of mutation {unknown}
 o - a potion of ambrosia {unknown}
 q - 2 potions of berserk rage {unknown}
 t - a potion of attraction {unknown}
 u - a potion of heal wounds {unknown}


   Skills:
 + Level 4.8 Fighting
 * Level 5.1 Axes
 + Level 3.0 Armour
 + Level 3.1 Dodging
 - Level 0.1 Stealth


You had 3 spell levels left.
You didn't know any spells.
Your spell library contained the following spells:

 Spells                   Type           Power        Failure   Level
 Confusing Touch          Hex            0%           86%         3
 Gell's Gravitas          Tloc           0%           86%         3
 Petrify                  Tmut/Erth      0%           99%         4
 Metabolic Englaciation   Hex/Ice        0%           100%        5
 Yara's Violent Unravell  Hex/Tmut       0%           100%        5


Dungeon Overview and Level Annotations

Branches:
Dungeon (3/15)

Altars:
Okawaru


Innate Abilities, Weirdness & Mutations

You reflexively headbutt those who attack you in melee.
You have a pair of horns on your head.


Message History

You are too injured to fight recklessly!
You barely miss the gnoll. You hit the gnoll.
The gnoll hits you from afar with a +0 spear.
* * * LOW HITPOINT WARNING * * *
The gnoll hits you with a +0 spear.
* * * LOW HITPOINT WARNING * * *
The gnoll misses you.
You hit the gnoll.
The gnoll is moderately wounded.
You hit the gnoll. The gnoll barely misses you.
The gnoll hits you with a +0 spear!
* * * LOW HITPOINT WARNING * * *
The gnoll hits you but does no damage.
You hit the gnoll but do no damage.
The gnoll is moderately wounded.
You barely miss the gnoll.
The gnoll hits you from afar with a +0 spear.
* * * LOW HITPOINT WARNING * * *
The gnoll hits you with a +0 spear!
You die...

...#
...#...8.......#
....
#.#..8.8......#.###
...#
#...8._.8..........
...#
.....8.8.....###.##
...#
..#...8..?........
...#
#........#####.#
##. #....#####
#....+ #.g@.#
......g........
.)##.$.g.##.###
#.....# # .......#
........#
.........#
####.#####


You could see 3 gnolls.

Vanquished Creatures
  3 gnolls (D:2)
  5 adders (D:2)
  2 worms
  A dart slug (D:2)
  2 leopard geckos
  A bat skeleton (D:2)
  3 giant cockroaches
  5 goblins
  4 hobgoblins
  3 ball pythons
  8 bats
  5 frilled lizards
  A kobold (D:1)
  12 rats
55 creatures vanquished.

Vanquished Creatures (others)
  A plant (D:1)
1 creature vanquished.

Grand Total: 56 creatures vanquished

Notes
Turn   | Place    | Note
-------+----------+-------------------------------------------
     0 | D:1      | septik the Minotaur Berserker began the quest for the Orb.
     0 | D:1      | Reached XP level 1. HP: 19/19 MP: 0/0
   228 | D:1      | Reached XP level 2. HP: 27/27 MP: 1/1
   432 | D:1      | Reached skill level 4 in Axes
  1148 | D:2      | Reached ** piety under Trog
  1149 | D:2      | Reached XP level 3. HP: 30/34 MP: 2/2
  1546 | D:2      | Reached XP level 4. HP: 27/41 MP: 3/3
  2027 | D:2      | Reached skill level 5 in Axes
  2291 | D:2      | Found an iron altar of Okawaru.
  2641 | D:3      | Found a faded altar of an unknown god.
  2760 | D:3      | HP: 2/41 [gnoll/+0 spear (7)]
  2761 | D:3      | Mangled by a gnoll

Illustrated notes

Levels and vault maps discovered:
D:1:      minmay_arrival_nine_rooms, layout_basic, minmay_shallow_snake_nest
D:2:      layout_rooms, old_standard_altar, minmay_hexomino_c4
D:3:      layout_basic, chequers_ecumenical_altar_simple_redux,
          nicolae_dithmenos_shadow_blocks

Skill      XL: |  1  2  3  4 |
---------------+-------------+-----
Fighting       | 4 |  4.8
Axes           | 4 5 |  5.1
Dodging        | 3 |  3.1
Armour         | 3 |  3.0
Stealth        | |  0.1

Action                   |  1- 3 |  4- 6 || total
-------------------------+-------+-------++-------
Melee: Hand axe          |    71 |    46 ||   117
       Headbutt          |    11 |     5 ||    16
  Use: Scroll            |       |     1 ||     1
 Stab: Sleeping          |       |     2 ||     2
Armor: Animal skin       |    12 |     8 ||    20
Dodge: Dodged            |    42 |    35 ||    77
